 Dungeon Crawl Stone Soup version 0.28-a0-819-g6ef7baa362 (webtiles) character file.

Game seed: 5546179477046004411

77 horus123 the Ducker (level 4, -4/36 HPs)
             Began as a Draconian Gladiator on Nov 9, 2021.
             Slain by a water moccasin (5 damage)
             ... on level 6 of the Dungeon.
             The game lasted 00:05:27 (2257 turns).

horus123 the Ducker (Draconian Gladiator)           Turns: 2257, Time: 00:05:28

Health: -4/36      AC:  5    Str: 16    XL:     4   Next: 13%
Magic:  4/4        EV: 10    Int:  9    God:
Gold:   52         SH:  8    Dex: 13    Spells: 3/3 levels left

rFire   + . .      SeeInvis .   a - +0 long sword
rCold   x . .      Faith    .   g - +0 kite shield
rNeg    . . .      Spirit   .   (armour unavailable)
rPois   .          Reflect  .   b - +0 hat
rElec   .          Harm     .   (no cloak)
rCorr   .          Rampage  .   (no gloves)
Will    .....      Clarity  +   (no boots)
Stlth   +.........              j - amulet of the acrobat
HPRegen 0.12/turn               i - ring of fire
MPRegen 0.09/turn               k - ring of wizardry

@: lethally poisoned (-4 -> -9)
A: AC +5, unfitting armour, cold-blooded, clarity
a: no special abilities


You were on level 6 of the Dungeon.
You visited 1 branch of the dungeon, and saw 4 of its levels.

You collected 52 gold pieces.

Inventory:

Hand Weapons
 a - a +0 long sword (weapon)
Missiles
 c - 3 throwing nets (quivered)
Armour
 b - a +0 hat (worn)
 g - a +0 kite shield (worn)
Jewellery
 e - a ring of see invisible
 h - an amulet of faith
 i - a ring of fire (left hand)
 j - an amulet of the acrobat (around neck)
 k - a ring of wizardry (right hand)
Scrolls
 f - a scroll of identify
Potions
 d - a potion of mutation


   Skills:
 - Level 2.2 Fighting
 + Level 3.5 Long Blades
 - Level 1.8 Throwing
 - Level 3.5 Dodging
 - Level 2.1 Shields


You had 3 spell levels left.
You didn't know any spells.
Your spell library was empty.

Dungeon Overview and Level Annotations

Branches:
Dungeon (3/15)

Altars:
Kikubaaqudgha

Annotations:
D:3 Grinder


Innate Abilities, Weirdness & Mutations

Your plain brown scales are hard. (AC +5)
You cannot fit into any form of body armour.
You are cold-blooded and may be slowed by cold attacks.
You possess an exceptional clarity of mind.


Message History

You closely miss the water moccasin. You block the water moccasin's attack.
The water moccasin bites you but does no damage.
You hit the water moccasin but do no damage.
The water moccasin closely misses you. You block the water moccasin's attack.
You closely miss the water moccasin. You block the water moccasin's attack.
The water moccasin bites you.
You hit the water moccasin.
You tail-slap the water moccasin, but do no damage.
The water moccasin is moderately wounded.
The water moccasin bites you but does no damage.
The water moccasin bites you.
You barely miss the water moccasin.
Your tail-slap misses the water moccasin.
The water moccasin is moderately wounded.
The water moccasin bites you!
You are lethally poisoned!
The water moccasin poisons you!
The water moccasin bites you but does no damage.
You closely miss the water moccasin.
The water moccasin is moderately wounded.
You feel very sick. The water moccasin bites you.
The water moccasin barely misses you.
You slash the water moccasin!
The water moccasin is severely wounded.
* * * LOW HITPOINT WARNING * * *
You feel very sick. The water moccasin bites you.
* * * LOW HITPOINT WARNING * * *
You block the water moccasin's attack.
You miss the water moccasin.
The water moccasin is severely wounded.
* * * LOW HITPOINT WARNING * * *
You feel very sick. You block the water moccasin's attack.
The water moccasin bites you but does no damage.
You miss the water moccasin.
The water moccasin is severely wounded.
* * * LOW HITPOINT WARNING * * *
You feel sick. The water moccasin bites you.
You die...

..............#......
#............#...##
##...............####
##...#..#####......#
#.##... ##.#.....
..##. #h# ###. ## #o#
#S# #@# ###


You could see a water moccasin, a black bear and an orc.

Vanquished Creatures
  An adder (D:2)
  A dart slug (D:2)
  An orc (D:2)
  7 endoplasms
  4 giant cockroaches (D:1)
  4 goblins (D:1)
  9 hobgoblins
  4 kobolds
  3 quokkas
  7 ball pythons
  6 bats
  4 frilled lizards
  5 rats
56 creatures vanquished.

Notes
Turn   | Place    | Note
-------+----------+-------------------------------------------
     0 | D:1      | horus123 the Draconian Gladiator began the quest for the
                  | Orb.
     0 | D:1      | Reached XP level 1. HP: 17/17 MP: 1/1
   208 | D:1      | Reached XP level 2. HP: 23/24 MP: 2/2
   727 | D:1      | Reached XP level 3. HP: 29/29 MP: 3/3
   751 | D:1      | Reached skill level 1 in Shields
  1432 | D:2      | Found a faded altar of an unknown god.
  1578 | D:2      | Gained mutation: You possess an exceptional clarity of
                  | mind. [potion of mutation]
  1905 | D:2      | Reached XP level 4. HP: 36/36 MP: 4/4
  1970 | D:2      | Found an ancient bone altar of Kikubaaqudgha.
  2217 | D:3      | Noticed Grinder
  2218 | D:3      | You fall into a shaft and drop 3 floors!
  2218 | D:6      | Noticed a water moccasin
  2221 | D:6      | Noticed a black bear
  2257 | D:6      | HP: 1/36 [poisoned by a water moccasin]
  2257 | D:6      | Slain by a water moccasin

Illustrated notes

Levels and vault maps discovered:
D:1:      minmay_arrival_four_houses, layout_loops_ring, roderic_three_in_a_row
D:2:      layout_rooms, basic_altar, shapermc_ecumenical_altar_ellora
D:3:      layout_loops_cross, uniq_grinder, uniq_natasha, uniq_robin
D:6:      minmay_chambers_of_threes, layout_layer_cave, minmay_manual_moon,
          uniq_duvessa, uniq_eustachio

Skill      XL: |  1  2  3 |
---------------+----------+-----
Dodging        | 3 |  3.5
Shields        | 2 |  2.1
Fighting       | |  2.2
Long Blades    | |  3.5
Throwing       | |  1.8

Action                   |  1- 3 |  4- 6 || total
-------------------------+-------+-------++-------
Melee: Long sword        |   139 |    34 ||   173
       Tailslap          |    13 |     5 ||    18
  Use: Scroll            |     1 |     1 ||     2
       Potion            |     3 |       ||     3
 Stab: Sleeping          |     5 |       ||     5
Armor: Skin              |    68 |    15 ||    83
Dodge: Dodged            |    79 |    52 ||   131
Block: Kite shield       |    58 |    41 ||    99

Table legend: (Time is in decaauts)
 A = Elapsed time spent in this place.
 B = Non-inter-level travel time spent in this place.
 C = Inter-level travel time spent in this place.
 D = Time resting spent in this place.
 E = Time spent auto-exploring this place.
 F = Levels seen in this place.
 G = Mean time per level.
                   A        B        C        D        E       F      G
               +--------+--------+--------+--------+--------+-----+--------+
         Total |   2331 |   2301 |     30 |    355 |   1390 |   4 |  582.8 |
       Dungeon |   2331 |   2301 |     30 |    355 |   1390 |   4 |  582.8 |
               +--------+--------+--------+--------+--------+-----+--------+

Top non-repeatable levels by time:
     D:2: 1176 daAuts
     D:1: 1107 daAuts
     D:6: 43 daAuts
     D:3: 4 daAuts
